Map: Lightshade LE

Players

Serral - Winner!

  • Race: Zerg Zerg
  • Spawn Location: 11:00

Stats

  • Race: Protoss Protoss
  • Spawn Location: 5:00

VOD

Have the link to the VOD?

Description

Time

  • Played on: Jan. 15, 2021, 11:31 a.m.
  • Length: 6:32
Show
View Real Time Build Order
Export as new Build Order

Serral Zerg - Winner!

Build Orders: Pool First 

Get SALT Encoding   

  12  0:01  Drone  
  13  0:13  Overlord  
  13  0:17  Drone  
  14  0:31  Drone x2  
  16  0:41  Spawning Pool  
  15  0:44  Drone  
  15  0:49  Drone  
  17  1:12  Drone  
  17  1:14  Extractor  
  17  1:19  Hatchery  
  16  1:28  Zergling x4  
  16  1:29  Zergling x2  
  19  1:34  Queen  
  21  1:42  Overlord  
  21  1:52  Drone  
  22  2:03  Drone  
  23  2:10  Queen  
  23  2:15  Metabolic Boost  
  25  2:18  Drone  
  26  2:23  Drone  
  27  2:31  Queen, Drone  
  27  2:35  Drone  
  31  2:45  Overlord  
  31  2:46  Drone  
  31  2:49  Drone x2  
  34  2:54  Drone  
  34  3:02  Zergling x2  
  35  3:11  Hatchery  
  34  3:14  Zergling x2  
  34  3:16  Drone x2  
  34  3:19  Drone  
  38  3:20  Drone  
  38  3:25  Drone x2  
  41  3:31  Overlord  
  41  3:36  Spore Crawler  
  41  3:38  Queen  
  41  3:41  Drone  
  43  3:50  Drone  
  43  3:51  Drone x3  
  47  3:56  Drone  
  47  3:57  Roach Warren  
  47  3:58  Drone  
  47  4:02  Extractor  
  47  4:05  Overlord  
  47  4:06  Drone x2  
  49  4:11  Overlord  
  49  4:16  Zergling x2  
  50  4:18  Zergling x2  
  50  4:22  Queen  
  53  4:24  Zergling x4  
  53  4:26  Spore Crawler  
  53  4:29  Zergling x4  
  56  4:36  Overlord  
  56  4:37  Zergling x6  
  59  4:43  Roach x2  
  63  4:46  Roach  
  63  4:48  Roach  
  67  4:53  Roach x2  
  67  5:05  Zergling x14  
  73  5:08  Overlord  
  73  5:13  Roach  
  73  5:14  Roach  
  77  5:20  Ravager x3  
  80  5:21  Overlord  
  80  5:23  Overlord  
  80  5:30  Zergling x2  
  80  5:31  Zergling x2  
  80  5:34  Overlord  
  80  5:43  Ravager  
  80  5:44  Zergling x16  
  88  5:51  Ravager  
  88  5:53  Queen  
  88  5:55  Zergling x4  
  93  6:03  Ravager  
  92  6:06  Zergling x10  
  90  6:14  Zergling x12  
Show
View Real Time Build Order
Export as new Build Order

Stats Protoss 

Build Orders:  

Get SALT Encoding   

  12  0:00  Probe  
  13  0:14  Pylon  
  13  0:17  Probe (Chrono Boost)  
  14  0:27  Probe (Chrono Boost)  
  15  0:32  Probe (Chrono Boost)  
  16  0:41  Gateway  
  16  0:43  Probe  
  16  0:47  Assimilator  
  17  0:55  Probe  
  18  1:07  Probe  
  18  1:11  Pylon  
  19  1:20  Probe  
  19  1:25  Pylon  
  20  1:28  Cybernetics Core  
  20  1:30  Zealot  
  23  1:32  Probe  
  23  1:52  Nexus  
  23  1:55  Probe  
  23  2:00  Assimilator  
  24  2:03  Adept (Chrono Boost)  
  26  2:13  Pylon  
  26  2:17  Warp Gate  
  26  2:20  Probe  
  27  2:25  Adept (Chrono Boost)  
  29  2:32  Probe  
  30  2:40  Twilight Council  
  30  2:45  Probe  
  30  2:49  Stalker  
  34  2:59  Probe (Chrono Boost)  
  34  3:05  Probe (Chrono Boost)  
  35  3:15  Probe (Chrono Boost)  
  35  3:17  Gateway, Resonating Glaives (Chrono Boost), Probe (Chrono Boost)  
  37  3:27  Probe  
  37  3:28  Gateway  
  37  3:29  Probe  
  39  3:39  Probe  
  40  3:41  Probe  
  41  3:51  Probe  
  41  3:53  Probe  
  41  3:54  Pylon  
  43  4:00  Robotics Facility  
  43  4:03  Probe  
  43  4:05  Assimilator, Probe  
  43  4:06  Adept  
  43  4:08  Assimilator  
  47  4:15  Adept  
  47  4:16  Probe  
  50  4:17  Pylon  
  50  4:18  Probe  
  50  4:23  Adept  
  53  4:27  Adept  
  53  4:28  Probe  
  53  4:30  Probe  
  57  4:40  Probe  
  57  4:42  Probe  
  59  4:45  Adept x2  
  59  4:50  Observer (Chrono Boost)  
  64  4:58  Sentry, Probe x2  
  66  5:03  Nexus  
  66  5:05  Pylon  
  66  5:11  Sentry x2  
  70  5:22  Immortal (Chrono Boost)  
  70  5:23  Pylon  
  70  5:26  Forge  
  74  5:32  Shield Battery  
  74  5:35  Sentry x2  
  78  5:43  Sentry  
  80  5:51  Shield Battery  
  80  5:53  Shield Battery  
  80  5:57  Immortal (Chrono Boost)  
  80  6:00  Adept  
  80  6:01  Adept  
  80  6:09  Stalker  
  57  6:27  Gateway  
  57  6:29  Gateway  
Tags
 
Add a new tag
Caveats
  • Supply blocks, unpowered buildings, or Contaminate may cause inaccurate times.
  • Supply counts are checked every 10 seconds.